 Dungeon Crawl Stone Soup version 0.30-a0-779-g7971cf19c3 (webtiles) character file.

Game seed: 11834514029348346879

1139 Ceno the Carver (level 8, -4/49 HPs)
             Began as a Tengu Reaver on Feb 18, 2023.
             Was a Believer of Uskayaw.
             Killed from afar by a steam dragon (18 damage)
             ... with a ball of steam
             ... on level 5 of the Dungeon.
             The game lasted 00:15:55 (5770 turns).

Ceno the Carver (Tengu Reaver)                      Turns: 5770, Time: 00:15:55

Health: -4/49      AC:  3    Str: 14    XL:     8   Next: 37%
Magic:  12/12      EV: 14    Int: 13    God:    Uskayaw [**....]
Gold:   313        SH:  0    Dex: 14    Spells: 8/11 levels left

rFire   . . .      SeeInvis .    a - +0 falchion
rCold   . . .      Faith    .    (no shield)
rNeg    + . .      Spirit   .    b - +0 leather armour
rPois   .          Reflect  .    (helmet restricted)
rElec   .          Harm     .    (no cloak)
rCorr   .          Rampage  .    (no gloves)
Will    +....                    (boots unavailable)
Stlth   +                        k - amulet of the acrobat
HPRegen 0.28/turn                u - ring of willpower
MPRegen 0.13/turn                h - ring of positive energy

@: flying quickly and evasively, quick
A: beak, talons 3, nimble flight
a: Renounce Religion, Stomp, Line Pass


You were on level 5 of the Dungeon.
You worshipped Uskayaw.
Uskayaw was noncommittal.
You visited 1 branch of the dungeon, and saw 6 of its levels.

You collected 313 gold pieces.

Inventory:

Hand Weapons
 a - a +0 falchion (weapon)
Missiles
 c - 35 stones (quivered)
 g - 7 atropa-tipped darts
 j - 5 poisoned darts
Armour
 b - a +0 leather armour (worn)
Jewellery
 h - a ring of positive energy (right hand)
 k - an amulet of the acrobat (around neck)
 u - a ring of willpower (left hand)
 x - a ring of resist corrosion
Scrolls
 d - a scroll of magic mapping
 f - a scroll of vulnerability
 l - 4 scrolls of teleportation
 m - a scroll of fear
 n - a scroll of torment
 o - a scroll of acquirement {unknown}
 q - 2 scrolls of blinking {unknown}
 t - a scroll of poison {unknown}
 w - a scroll of silence {unknown}
Potions
 e - 2 potions of mutation
 i - a potion of ambrosia {unknown}
 p - a potion of flight
 r - a potion of curing {unknown}
 s - a potion of lignification {unknown}
 v - 2 potions of resistance {unknown}
 z - a potion of heal wounds {unknown}


   Skills:
 + Level 5.1 Fighting
 * Level 8.2 Long Blades
 - Level 2.1 Dodging
 - Level 2.0 Spellcasting
 + Level 7.4 Conjurations


You had 8 spell levels left.
You knew the following spells:

 Your Spells              Type           Power      Damage    Failure   Level
a - Kiss of Death         Conj/Necr      40%        2d8       7%          1
b - Momentum Strike       Conj/Tloc      20%        3d8       11%         2

Your spell library contained the following spells:

 Spells                   Type           Power      Damage    Failure   Level
 Magic Dart               Conj           80%        1d7       1%          1
 Dazzling Flash           Conj/Hex       20%        N/A       22%         3
 Hailstorm                Conj/Ice       10%        3d5       22%         3
 Mephitic Cloud           Conj/Pois/Air  7%         N/A       34%         3
 Call Imp                 Summ           1%         N/A       43%         2
 Cigotuvi's Dreadful Rot  Necr/Pois/Air  2%         N/A       43%         2
 Poisonous Vapours        Pois/Air       2%         N/A       43%         2
 Sublimation of Blood     Necr           1%         N/A       43%         2
 Wereblood                Tmut           1%         N/A       43%         2
 Ozocubu's Armour         Ice            1%         N/A       67%         3
 Agony                    Necr           1%         N/A       100%        5
 Silence                  Hex/Air        0%         N/A       100%        5
 Ozocubu's Refrigeration  Ice            0%         4d7       100%        7
 Summon Hydra             Summ           0%         N/A       100%        7


Dungeon Overview and Level Annotations

Branches:
Dungeon (6/15)
 Temple: D:4-7

Altars:
Gozag
Uskayaw
Yredelemnul

Shops:
D:4 [

Annotations:
D:3 Grinder


Innate Abilities, Weirdness & Mutations

You have a beak for a mouth.
You have claws for feet.
Your magical nature lets you fly swiftly and evasively.


Message History

There is a stone staircase leading down here.
You fly downwards.
The steam dragon hisses angrily.
Found four items.
There is a stone staircase leading up here.
The steam dragon breathes steam at you. The ball of steam misses you.
You hear an angry growl.
An iguana comes into view.
A black bear comes into view.
You are engulfed in a cloud of scalding steam.
The black bear growls angrily.
There is a stone staircase leading up here.
You are engulfed in a cloud of scalding steam.
The iguana hisses angrily.
The steam dragon bites you. The steam dragon misses you.
You fly upwards.
There is a stone staircase leading down here.
You closely miss the steam dragon. The steam dragon bites you!
The steam dragon misses you.
You hit the steam dragon.
You peck the steam dragon, but do no damage.
The steam dragon is moderately wounded.
The steam dragon closely misses you. The steam dragon claws you.
You hit the steam dragon. Your peck misses the steam dragon.
The steam dragon is moderately wounded.
The steam dragon bites you. The steam dragon barely misses you.
You hit the steam dragon. Your kick misses the steam dragon.
The steam dragon is heavily wounded.
The steam dragon completely misses you. The steam dragon barely misses you.
You can now pass through a line of other dancers.
You closely miss the steam dragon. Your kick misses the steam dragon.
The steam dragon is heavily wounded.
The steam dragon closely misses you. The steam dragon claws you.
* * * LOW HITPOINT WARNING * * *
You barely miss the steam dragon. You claw the steam dragon.
The steam dragon is severely wounded.
The steam dragon breathes steam at you. The ball of steam hits you!!
You die...

########## #........#
#.######.# #.# #.# #.#
#.# #########.# #.#
..........######.#
...............D@#####
#####.....#..........#
#####.###.#.####.###.#
....#.# #.#.#......#)#
###.#.# #.#.#.##.#.#.#
......# #.#.#.##.#.#.#
....#####.#.#.##.#.#.#
..........#.#....#.#.#
.....######.####.#.#.#


You could see a steam dragon (catching breath).

Vanquished Creatures
  Sigmund (D:3)
  Eustachio (D:4)
  Duvessa (D:4)
  A black bear (D:4)
  A necrophage (D:5)
  2 scorpions (D:4)
  Dowan (D:4)
  2 hounds
  An orc priest (D:5)
  A jelly (D:1)
  2 iguanas (D:5)
  A scorpion zombie (D:5)
  Natasha (thrice) (D:3)
  An orc wizard (D:5)
  4 adders
  An adder zombie (D:5)
  3 dart slugs
  5 orcs
  9 endoplasms
  6 giant cockroaches
  4 goblins
  3 hobgoblins
  12 jackals (D:1)
  3 quokkas
  5 ball pythons
  4 bats
  4 frilled lizards
  6 kobolds
  7 rats
95 creatures vanquished.

Notes
Turn   | Place    | Note
-------+----------+-------------------------------------------
     0 | D:1      | Ceno the Tengu Reaver began the quest for the Orb.
     0 | D:1      | Reached XP level 1. HP: 12/12 MP: 4/4
     1 | D:1      | Found a runed translucent door.
     7 | D:1      | Noticed a jelly
   247 | D:1      | Reached XP level 2. HP: 17/17 MP: 6/6
   250 | D:1      | Learned a level 2 spell: Momentum Strike
   732 | D:1      | Reached skill level 4 in Long Blades
   732 | D:1      | Reached XP level 3. HP: 19/22 MP: 7/7
   962 | D:1      | Reached XP level 4. HP: 27/27 MP: 2/8
  1249 | D:2      | Identified the +3 robe of the Several Mystics {-Cast
                  | Rampage rPois}
  1517 | D:2      | Found a faded altar of an unknown god.
  1522 | D:2      | Prayed at the altar of an unknown god.
  1522 | D:2      | Became a worshipper of Uskayaw the Reveller
  1522 | D:2      | Reached * piety under Uskayaw
  1893 | D:2      | Reached skill level 5 in Conjurations
  2176 | D:3      | Noticed Sigmund
  2365 | D:3      | Noticed Grinder
  2449 | D:3      | Gained mutation: Your magical nature lets you fly swiftly
                  | and evasively. [Tengu growth]
  2449 | D:3      | Reached XP level 5. HP: 32/32 MP: 9/9
  2574 | D:3      | Found a hide-covered altar of Uskayaw.
  2581 | D:3      | Reached skill level 5 in Long Blades
  2648 | D:3      | Reached ** piety under Uskayaw
  2675 | D:3      | Killed Sigmund
  2676 | D:3      | Reached XP level 6. HP: 17/37 MP: 7/10
  2960 | D:3      | Found an opulent altar of Gozag.
  2961 | D:3      | Noticed Natasha
  2980 | D:3      | Killed Natasha
  3022 | D:3      | Noticed Natasha
  3032 | D:3      | Killed Natasha
  3033 | D:3      | Reached skill level 6 in Long Blades
  3104 | D:3      | Noticed Natasha
  3144 | D:3      | Killed Natasha
  3377 | D:4      | Noticed a black bear
  3546 | D:4      | Reached XP level 7. HP: 36/43 MP: 11/11
  3608 | D:4      | Noticed Eustachio
  3662 | D:4      | Reached *** piety under Uskayaw
  3672 | D:4      | Killed Eustachio
  3850 | D:4      | Reached skill level 7 in Long Blades
  4040 | D:4      | Found Iffuinuy's Armour Emporium.
  4210 | D:4      | Noticed Duvessa
  4210 | D:4      | Noticed Dowan
  4222 | D:4      | Killed Duvessa
  4243 | D:4      | Killed Dowan
  4244 | D:4      | Reached XP level 8. HP: 8/43 MP: 10/12
  4529 | D:5      | Entered Level 5 of the Dungeon
  4976 | D:5      | Found a basalt altar of Yredelemnul.
  5102 | D:5      | Reached skill level 5 in Fighting
  5134 | D:5      | Reached skill level 8 in Long Blades
  5770 | D:5      | Killed from afar by a steam dragon

Illustrated notes

Levels and vault maps discovered:
D:1:      dpeg_arrival_caged_fury, layout_loops_cross,
          nicolae_figureground_sparkle
D:2:      layout_rooms, shapermc_ecumenical_altar_petra, minmay_misc_feat_alley,
          roderic_roman_lattice, kennysheep_another_room
D:3:      layout_loops_ring, lemuel_tele_altar,
          nicolae_uskayaw_murder_on_the_dancefloor, uniq_natasha, uniq_sigmund,
          uniq_grinder
D:4:      layout_loops_ring, serial_shops, nicolae_lakefront_shop,
          item_on_display_a, uniq_eustachio, uniq_duvessa
D:5:      layout_basic, lemuel_zombie_altar_yredelemnul, minmay_fountain_box
D:6:      layout_rooms

Skill      XL: |  1  2  3  4  5  6  7  8 |
---------------+-------------------------+-----
Long Blades    | 4 5 6 7 8 |  8.2
Conjurations   | 5 6 7 |  7.4
Fighting       | 3 4 5 |  5.1
Dodging        | |  2.1
Spellcasting   | |  2.0

Action                     |  1- 3 |  4- 6 |  7- 9 || total
---------------------------+-------+-------+-------++-------
  Melee: Falchion          |    41 |   125 |   108 ||   274
         Kick              |    12 |    27 |    35 ||    74
         Peck              |     4 |    17 |    29 ||    50
         Punch             |       |     1 |     2 ||     3
  Throw: Stone             |     2 |     2 |     4 ||     8
         Dart              |       |     1 |     4 ||     5
   Cast: Momentum Strike   |     5 |     8 |     7 ||    20
         Kiss of Death     |       |     2 |     2 ||     4
 Invoke: Line Pass         |       |       |     1 ||     1
    Use: Scroll            |       |     6 |     2 ||     8
   Stab: Sleeping          |       |     1 |       ||     1
         Paralysed         |       |       |     1 ||     1
 Armour: Leather armour    |     7 |    23 |     5 ||    35
  Dodge: Dodged            |    25 |    92 |    73 ||   190

Table legend: (Time is in decaauts)
 A = Elapsed time spent in this place.
 B = Non-inter-level travel time spent in this place.
 C = Inter-level travel time spent in this place.
 D = Time resting spent in this place.
 E = Time spent auto-exploring this place.
 F = Levels seen in this place.
 G = Mean time per level.
                   A        B        C        D        E       F      G
               +--------+--------+--------+--------+--------+-----+--------+
         Total |   5567 |   5395 |    172 |   1176 |   2891 |   6 |  927.8 |
       Dungeon |   5567 |   5395 |    172 |   1176 |   2891 |   6 |  927.8 |
               +--------+--------+--------+--------+--------+-----+--------+

Top non-repeatable levels by time:
     D:3: 1245 daAuts
     D:1: 1199 daAuts
     D:4: 1197 daAuts
     D:5: 1143 daAuts
     D:2: 777 daAuts
     D:6: 5 daAuts
